Map: Central Protocol

Players

bobbillbob

  • Race: Zerg Zerg

Grumm - Winner!

  • Race: Zerg Zerg
  • League: Gold

VOD

Have the link to the VOD?

Description

Time

  • Played on: Jan. 21, 2016, 12:27 p.m.
  • Length: 4:03
Show
View Real Time Build Order
Export as new Build Order

bobbillbob Zerg 

Build Orders: Hatch First 

Get SALT Encoding   

  12  0:02  Drone  
  13  0:09  Drone  
  14  0:19  Overlord  
  14  0:46  Hatchery  
  13  0:57  Drone  
  13  0:58  Drone x2  
  16  1:09  Drone  
  17  1:20  Extractor  
  17  1:22  Drone  
  17  1:23  Spawning Pool  
  16  1:34  Drone  
  17  1:41  Extractor  
  17  1:45  Drone  
  17  2:07  Drone  
  17  2:08  Drone x2  
  20  2:10  Queen  
  20  2:11  Queen  
  20  2:12  Drone  
  26  2:15  Drone  
  26  2:22  Zergling x2  
  26  2:25  Zergling x2  
  25  2:31  Zergling x2  
  25  2:37  Zergling x2  
  27  2:54  Spore Crawler  
  27  2:58  Spore Crawler  
  25  3:02  Baneling Nest  
  24  3:09  Overlord x2  
Show
View Real Time Build Order
Export as new Build Order

Grumm Zerg - Winner!

Build Orders: Pool First 

Get SALT Encoding   

  12  0:19  Spawning Pool  
  11  0:23  Drone  
  12  0:31  Overlord  
  12  0:36  Drone  
  13  0:44  Drone  
  14  0:56  Drone x2  
  16  1:07  Zergling x2  
  17  1:17  Zergling x2  
  18  1:27  Hatchery  
  18  1:30  Zergling x2  
  18  1:46  Zergling x2  
  19  1:52  Zergling x2, Queen  
  22  1:56  Extractor  
  22  1:58  Extractor  
  20  2:02  Zergling x2  
  21  2:24  Zergling x2  
  22  2:36  Overlord  
  22  2:44  Zergling x6  
  22  2:58  Zergling x4  
  23  3:06  Drone x3  
  23  3:07  Drone  
  23  3:08  Queen  
  29  3:34  Zergling x4  
  29  3:35  Zergling x8  
Tags
 
Add a new tag
Caveats
  • Supply blocks, unpowered buildings, or Contaminate may cause inaccurate times.
  • Supply counts are checked every 10 seconds.